Map: Overgrown Facility

Players

THEMANI

  • Race: Zerg Zerg
  • League: Platinum
  • Spawn Location: 3:00

Merlin

  • Race: Terran Terran
  • League: Platinum
  • Spawn Location: 1:00

ILIEKEGGPIE - Winner!

  • Race: Protoss Protoss
  • League: Gold
  • Spawn Location: 9:00

BizMac - Winner!

  • Race: Zerg Zerg
  • Spawn Location: 7:00

VOD

Have the link to the VOD?

Description

Time

  • Played on: April 5, 2018, 12:03 p.m.
  • Length: 11:51
Show
View Real Time Build Order
Export as new Build Order

THEMANI Zerg 

Build Orders: Hatch First, Lurkers 

Get SALT Encoding   

  12  0:01  Drone  
  13  0:08  Drone  
  14  0:17  Overlord  
  14  0:23  Extractor  
  14  0:24  Drone  
  15  0:36  Drone x2  
  17  0:44  Drone  
  18  0:58  Hatchery  
  18  1:01  Drone  
  18  1:06  Drone  
  19  1:18  Spawning Pool  
  19  1:21  Extractor  
  19  1:22  Drone  
  18  1:30  Drone  
  19  1:42  Drone  
  20  2:07  Zergling x4  
  20  2:08  Roach Warren  
  21  2:11  Drone x2  
  21  2:12  Queen  
  25  2:17  Queen  
  27  2:25  Drone  
  27  2:28  Overlord  
  28  2:41  Extractor  
  27  2:44  Zergling x2  
  27  2:46  Overlord x2  
  28  2:56  Lair  
  28  2:57  Drone  
  29  3:00  Drone  
  29  3:03  Drone  
  31  3:17  Drone x3  
  31  3:18  Drone  
  32  3:29  Zergling x4  
  34  3:38  Zergling x6  
  34  3:52  Roach  
  33  4:00  Queen  
  35  4:05  Roach  
  35  4:08  Roach  
  37  4:33  Drone x3  
  40  4:40  Hatchery  
  38  4:51  Roach  
  38  4:52  Roach x2  
  44  5:03  Drone  
  45  5:08  Glial Reconstitution  
  45  5:18  Overlord x2  
  45  5:22  Extractor  
  44  5:28  Metabolic Boost  
  44  5:31  Drone  
  44  5:33  Overlord  
  45  5:37  Overlord  
  45  5:54  Drone x3  
  49  6:11  Drone  
  49  6:13  Drone  
  49  6:14  Hatchery  
  49  6:26  Drone x2  
  49  6:27  Drone x3  
  54  6:35  Overseer  
  54  6:39  Baneling Nest  
  53  6:40  Drone x2  
  53  6:42  Drone  
  53  6:44  Drone  
  57  6:51  Extractor  
  57  7:08  Drone x3  
  57  7:09  Drone x5  
  64  7:18  Roach  
  64  7:19  Evolution Chamber, Roach  
  67  7:24  Centrifical Hooks  
  67  7:27  Evolution Chamber  
  66  7:31  Spore Crawler, Drone x2  
  66  7:34  Drone  
  68  7:41  Baneling x3  
  68  7:45  Drone x4  
  68  7:46  Drone  
  73  7:57  Zerg Missile Weapons Level 1  
  73  7:58  Zerg Ground Armor Level 1  
  73  8:02  Extractor  
  72  8:06  Extractor  
  72  8:08  Drone x3, Hydralisk Den  
  72  8:09  Drone  
  72  8:10  Drone  
  75  8:28  Zergling x10  
  75  8:29  Zergling x12  
  86  8:40  Muscular Augments  
  86  8:42  Zergling x6  
  89  8:49  Baneling x4, Nydus Network  
  89  8:50  Baneling x4  
  89  8:54  Overlord  
  88  8:55  Overlord  
  88  9:03  Zergling x2  
  88  9:04  Overlord x2  
  88  9:07  Overlord  
  89  9:10  Overlord  
  89  9:12  Overlord  
  89  9:19  Pneumatized Carapace  
  89  9:29  Lurker Den  
  88  9:35  Nydus Canal  
  88  9:37  Zergling x2  
  88  9:38  Hydralisk x3, Zergling x8  
  93  9:45  Drone x4  
  102  9:51  Grooved Spines  
  103  9:56  Overlord x3  
  103  10:00  Hydralisk  
  103  10:02  Hydralisk  
  85  10:25  Hydralisk x6  
  85  10:26  Hydralisk  
  89  10:42  Hydralisk x6  
  93  10:49  Drone x2  
  99  10:58  Lurker x4  
  103  11:04  Hydralisk x3  
  103  11:05  Hydralisk  
Show
View Real Time Build Order
Export as new Build Order

Merlin Terran 

Build Orders: Liberator Opening 

Get SALT Encoding   

  12  0:00  SCV  
  13  0:13  SCV  
  14  0:18  Supply Depot  
  14  0:25  SCV  
  15  0:39  SCV  
  15  0:41  Barracks  
  16  0:48  Refinery  
  16  0:56  Supply Depot  
  17  0:57  SCV  
  17  1:09  SCV  
  17  1:10  Refinery  
  18  1:21  SCV  
  19  1:30  Marine  
  20  1:35  Orbital Command  
  20  1:50  Factory  
  20  1:59  Barracks Reactor  
  20  2:02  SCV  
  21  2:24  SCV  
  21  2:28  Command Center  
  22  2:36  Supply Depot  
  22  2:49  Starport  
  22  2:50  SCV  
  23  2:53  Barracks Tech Lab  
  23  3:01  Hellion  
  23  3:02  Hellion  
  27  3:12  Engineering Bay  
  27  3:17  Marauder  
  29  3:21  SCV  
  30  3:31  Liberator  
  30  3:35  Hellion  
  35  3:49  Marauder  
  35  3:52  Terran Infantry Weapons Level 1  
  37  4:21  Hellion x2  
  41  4:25  Marauder  
  41  4:31  Barracks  
  43  4:42  Hellion  
  42  4:46  Marauder  
  36  5:10  SCV x2  
  36  5:16  Hellion  
  38  5:22  SCV  
  38  5:26  Orbital Command  
  39  5:34  SCV  
  39  5:35  Barracks Reactor  
  40  5:37  Marauder  
  40  5:39  Medivac  
  44  5:49  SCV  
  45  5:52  SCV  
  46  5:58  Hellion, Marauder  
  46  5:59  Hellion  
  52  6:09  Armory  
  52  6:15  Marine x2  
  54  6:27  Supply Depot  
  54  6:35  Refinery  
  54  6:37  Refinery  
  54  6:48  Marine x2  
  54  6:49  Hellion x2, SCV  
  54  6:53  SCV  
  62  6:55  Stimpack  
  62  7:09  Supply Depot  
  62  7:11  Starport Reactor  
  62  7:15  Terran Vehicle Weapons Level 1  
  62  7:25  Factory  
  62  7:30  Marine x2  
  62  7:31  Marauder, SCV x2  
  62  7:35  Supply Depot  
  68  7:41  Hellion  
  70  7:56  Medivac, Marine x2, SCV x2  
  70  7:57  Marauder  
  78  8:18  Barracks  
  78  8:19  Supply Depot  
  78  8:25  Supply Depot  
  78  8:26  Hellion, Marine  
  78  8:27  Reaper  
  78  8:28  Marauder  
  78  8:41  Hellion  
  78  8:44  Marine  
  81  8:50  Marauder  
  81  8:52  SCV x2  
  77  9:04  SCV  
  77  9:09  Liberator x2  
  78  9:10  Marine x2  
  78  9:11  Marauder  
  84  9:17  Widow Mine  
  84  9:26  Widow Mine  
  84  9:28  Terran Infantry Weapons Level 2  
  92  9:32  Marine x2  
  94  9:52  Command Center  
  94  10:10  Barracks Tech Lab  
  94  10:29  Supply Depot  
  94  10:32  Marine x2  
  94  10:33  Widow Mine, Cyclone, SCV  
  94  10:34  Marine, SCV  
  104  10:36  Factory Tech Lab  
  104  10:37  Medivac  
  66  11:04  SCV  
  66  11:05  SCV  
  38  11:16  Marine  
  38  11:17  Marine  
Show
View Real Time Build Order
Export as new Build Order

ILIEKEGGPIE Protoss - Winner!

Build Orders:  

Get SALT Encoding   

  12  0:00  Probe  
  13  0:13  Probe  
  14  0:20  Pylon  
  14  0:26  Pylon  
  14  0:28  Probe  
  15  0:44  Probe (Chrono Boost)  
  15  0:49  Gateway  
  16  0:54  Probe (Chrono Boost)  
  17  0:59  Probe (Chrono Boost)  
  18  1:04  Gateway  
  18  1:09  Assimilator  
  18  1:14  Probe  
  19  1:20  Assimilator  
  19  1:37  Pylon  
  19  1:41  Cybernetics Core  
  19  1:44  Pylon  
  19  1:48  Probe  
  20  2:00  Probe (Chrono Boost)  
  20  2:11  Probe (Chrono Boost)  
  21  2:15  Probe (Chrono Boost)  
  21  2:20  Stalker x2  
  26  2:26  Probe  
  27  2:38  Probe  
  27  2:45  Gateway  
  27  2:48  Robotics Facility  
  27  2:51  Probe  
  28  3:17  Pylon  
  28  3:24  Nexus  
  28  3:44  Stalker x2  
  30  4:11  Probe  
  30  4:12  Immortal (Chrono Boost), Warp Gate (Chrono Boost)  
  33  4:19  Stalker  
  35  4:29  Stalker  
  35  4:30  Stalker  
  39  4:48  Probe (Chrono Boost)  
  40  4:53  Immortal (Chrono Boost)  
  46  5:00  Probe (Chrono Boost)  
  46  5:02  Probe (Chrono Boost)  
  46  5:03  Forge  
  46  5:10  Probe (Chrono Boost)  
  47  5:21  Probe x2  
  49  5:33  Probe x2  
  51  5:37  Protoss Ground Weapons Level 1 (Chrono Boost)  
  51  5:45  Probe x2  
  53  5:57  Probe  
  53  6:02  Pylon  
  54  6:06  Pylon  
  54  6:11  Robotics Bay  
  54  6:12  Assimilator  
  54  6:16  Assimilator  
  54  6:20  Probe x2  
  56  6:26  Stalker  
  56  6:27  Sentry x2  
  64  6:32  Probe x2  
  64  6:44  Probe x2  
  64  6:46  Pylon  
  66  6:50  Observer (Chrono Boost)  
  67  6:57  Probe x2  
  67  6:58  Extended Thermal Lance  
  69  7:01  Nexus  
  69  7:09  Probe  
  69  7:12  Pylon  
  69  7:13  Probe  
  71  7:18  Protoss Ground Armor Level 1 (Chrono Boost)  
  71  7:21  Probe  
  72  7:25  Probe  
  72  7:26  Twilight Council  
  72  7:28  Gateway  
  73  7:32  Gateway  
  73  7:33  Probe  
  74  7:37  Gateway  
  74  7:54  Zealot  
  74  7:55  Probe x2  
  78  8:10  Probe (Chrono Boost)  
  79  8:14  Probe (Chrono Boost)  
  79  8:15  Blink (Chrono Boost)  
  82  8:20  Assimilator, Probe (Chrono Boost)  
  82  8:24  Stalker x3, Probe x2 (Chrono Boost)  
  90  8:28  Probe (Chrono Boost)  
  90  8:38  Colossus (Chrono Boost)  
  96  9:06  Pylon  
  96  9:09  Pylon  
  96  9:12  Pylon  
  96  9:14  Pylon  
  96  9:17  Pylon  
  96  9:24  Probe  
  97  9:25  Stalker x2  
  97  9:26  Colossus  
  107  9:33  Pylon  
  107  9:36  Probe  
  108  9:44  Probe x2  
  110  9:48  Probe  
  111  9:56  Probe  
  92  10:27  Colossus (Chrono Boost)  
  94  10:35  Stalker  
  94  10:36  Stalker x5  
  106  11:48  Stalker x4  
  106  11:49  Stalker x2  
Show
View Real Time Build Order
Export as new Build Order

BizMac Zerg - Winner!

Build Orders: Pool First 

Get SALT Encoding   

  12  0:01  Drone  
  13  0:08  Drone  
  14  0:18  Overlord  
  14  0:36  Drone x3  
  17  0:49  Extractor  
  16  0:51  Spawning Pool  
  16  0:52  Drone  
  16  0:59  Drone  
  17  1:10  Drone  
  18  1:25  Hatchery  
  17  1:32  Drone x2  
  19  1:40  Queen  
  21  1:49  Zergling x2  
  21  1:52  Metabolic Boost  
  22  2:02  Overlord  
  22  2:23  Zergling x4  
  22  2:29  Zergling x2  
  25  2:38  Zergling x4  
  27  2:47  Drone  
  27  2:50  Zergling x2  
  27  2:51  Zergling x6  
  32  3:02  Zergling x4  
  34  3:10  Overlord  
  34  3:11  Zergling x2  
  31  3:55  Zergling x12  
  34  4:26  Drone x5  
  37  4:44  Drone  
  37  4:45  Drone x4  
  37  5:03  Lair  
  35  5:10  Roach Warren  
  35  5:12  Spine Crawler  
  30  5:15  Spine Crawler  
  30  5:20  Queen  
  30  5:21  Drone x3, Spine Crawler  
  33  5:29  Drone x3, Extractor  
  33  5:34  Spine Crawler  
  34  5:43  Drone x5  
  39  5:55  Drone  
  41  6:01  Drone  
  43  6:04  Drone, Extractor  
  43  6:05  Drone x3, Extractor  
  44  6:14  Overlord  
  44  6:20  Hydralisk Den  
  43  6:32  Roach x2  
  49  6:33  Roach x2  
  49  6:38  Hatchery  
  50  6:42  Drone x2  
  50  6:43  Overlord x3  
  50  6:46  Glial Reconstitution  
  52  6:51  Evolution Chamber  
  52  6:52  Evolution Chamber  
  50  6:54  Roach  
  52  7:06  Drone x2  
  54  7:19  Spore Crawler  
  53  7:27  Drone x3  
  56  7:32  Spore Crawler  
  56  7:36  Spore Crawler  
  54  7:41  Grooved Spines  
  54  7:43  Zerg Missile Weapons Level 1  
  54  7:44  Zerg Ground Armor Level 1  
  54  7:45  Roach x9  
  54  7:49  Queen  
  54  7:51  Drone  
  75  7:53  Zergling x6  
  78  8:06  Drone  
  78  8:07  Drone  
  78  8:08  Drone x2  
  78  8:09  Overlord x2  
  82  8:25  Spore Crawler  
  80  8:34  Hydralisk x7  
  78  8:35  Hydralisk  
  94  8:43  Spine Crawler  
  93  8:53  Muscular Augments  
  93  9:10  Hydralisk x2  
  93  9:12  Overlord  
  93  9:13  Overlord x3  
  97  9:17  Drone  
  98  9:34  Drone x2  
  98  9:35  Drone  
  98  9:37  Hatchery  
  100  10:08  Drone  
  100  10:09  Drone x3, Extractor  
  100  10:10  Extractor  
  102  10:16  Roach x7, Hydralisk x4  
  102  10:17  Hydralisk x2  
  128  10:29  Drone  
  128  10:31  Overlord x3  
Tags
 
Add a new tag
Caveats
  • Supply blocks, unpowered buildings, or Contaminate may cause inaccurate times.
  • Supply counts are checked every 10 seconds.